 Dungeon Crawl Stone Soup version 0.20.0-15-g7f486f2 (webtiles) character file.

131 Malak the Spear-Bearer (level 5, 0/38 HPs)
             Began as a Merfolk Gladiator on June 18, 2017.
             Slain by greprep's ghost (4 damage)
             ... on level 3 of the Dungeon.
             The game lasted 00:06:35 (1953 turns).

Malak the Spear-Bearer (Merfolk Gladiator)          Turns: 1953, Time: 00:06:36

Health: 0/38       AC:  5    Str: 14    XL:     5   Next: 14%
Magic:  5/5        EV: 14    Int:  7    God:
Gold:   66         SH:  0    Dex: 17    Spells: 4/4 levels left

rFire    . . .     SeeInvis .   l - +1 spear (pierce)
rCold    . . .     Gourm    .   (no shield)
rNeg     . . .     Faith    .   b - +0 leather armour
rPois    .         Spirit   .   c - +0 helmet
rElec    .         Reflect  .   p - +0 cloak
rCorr    .         Harm     .   (no gloves)
MR       .....                  (no boots)
Stlth    +.........             (no amulet)
Regen    0.2/turn               (no ring)
MPRegen  0.1/turn               (no ring)

@: no status effects
A: change form in water, swift swim, stealthy swim
a: no special abilities


You were on level 3 of the Dungeon.
You were not hungry.

You visited 1 branch of the dungeon, and saw 3 of its levels.

You collected 66 gold pieces.

Inventory:

Hand Weapons
 a - a +0 trident
 l - a +1 spear of piercing (weapon)
 r - a +2 quarterstaff of chaos
 s - a +1 mace of protection
Missiles
 d - 3 throwing nets (quivered)
Armour
 b - a +0 leather armour (worn)
 c - a +0 helmet (worn)
 p - a +0 cloak (worn)
Scrolls
 e - a scroll of fog {unknown}
 h - 2 scrolls of enchant armour {unknown}
 k - a scroll of identify {unknown}
 m - a scroll of amnesia {unknown}
 n - a scroll of recharging {unknown}
 o - a scroll of noise {unknown}
 q - a scroll of random uselessness {unknown}
Comestibles
 f - 2 bread rations
 g - a meat ration
 i - 2 royal jellies
 j - 7 chunks of flesh


   Skills:
 - Level 2.1 Fighting
 + Level 8.2 Polearms
 - Level 2.0 Throwing
 - Level 4.0 Dodging


You had 4 spell levels left.
You didn't know any spells.

Dungeon Overview and Level Annotations

Branches:
Dungeon (3/15)

Altars:

Annotations:
D:3 greprep's ghost, amateur DENe


Message History

You hit greprep's ghost but do no damage.
Greprep's ghost is heavily damaged.
Greprep's ghost barely misses you.
You barely miss greprep's ghost.
Greprep's ghost is heavily damaged.
Greprep's ghost hits you but does no damage.
You hit greprep's ghost but do no damage.
Greprep's ghost is heavily damaged.
You closely miss greprep's ghost.
Greprep's ghost is heavily damaged.
Greprep's ghost says, "I need your bones for a spell of mine."
Greprep's ghost hits you but does no damage.
You barely miss greprep's ghost.
Greprep's ghost is heavily damaged.
Greprep's ghost hits you.
* * * LOW HITPOINT WARNING * * *
You hit greprep's ghost.
Greprep's ghost is heavily damaged.
Greprep's ghost hits you.
You die...

##....
#..........#.... ##...
#.(.............
#...##?..?.........##
................#....
...###................
.#........=..#..
.....$........#
...##.....W....# .
.......##.@.รท..#....
$...................
..#######.......... .#
#.###...... #.# ......
#.# ##.... ..# ....
### ... ..


You could see greprep's ghost.

Vanquished Creatures
  Crazy Yiuf (D:2)
  Jessica (D:2)
  2 adders (D:2)
  An ooze (D:3)
  A worm (D:2)
  A dart slug (D:1)
  4 leopard geckos
  5 giant cockroaches
  3 goblins
  2 hobgoblins (D:1)
  4 jackals (D:3)
  8 kobolds
  7 bats
  A frilled lizard (D:1)
  7 rats
48 creatures vanquished.

Notes
Turn   | Place    | Note
-------+----------+-------------------------------------------
     0 | D:1      | Malak the Merfolk Gladiator began the quest for the Orb.
     0 | D:1      | Reached XP level 1. HP: 16/16 MP: 1/1
   114 | D:1      | Reached skill level 5 in Polearms
   434 | D:1      | Reached XP level 2. HP: 22/22 MP: 2/2
   741 | D:1      | Reached skill level 6 in Polearms
   741 | D:1      | Reached XP level 3. HP: 24/27 MP: 3/3
  1099 | D:2      | Reached XP level 4. HP: 28/33 MP: 4/4
  1109 | D:2      | Reached skill level 7 in Polearms
  1151 | D:2      | Found a runed door.
  1252 | D:2      | Noticed Jessica
  1263 | D:2      | Killed Jessica
  1528 | D:2      | Noticed Crazy Yiuf
  1537 | D:2      | Killed Crazy Yiuf
  1537 | D:2      | Reached skill level 8 in Polearms
  1537 | D:2      | Reached XP level 5. HP: 16/38 MP: 2/5
  1927 | D:3      | Noticed greprep's ghost (amateur DENe)
  1953 | D:3      | Slain by greprep's ghost

Skill      XL: |  1  2  3  4 |
---------------+-------------+-----
Polearms       | 5 6 8 |  8.2
Fighting       | |  2.1
Throwing       | |  2.0
Dodging        | |  4.0

Action                   |  1- 3 |  4- 6 || total
-------------------------+-------+-------++-------
Melee: Trident           |    40 |       ||    40
       Spear             |    67 |    72 ||   139
 Stab: Sleeping          |     2 |     1 ||     3
  Eat: Chunk             |     1 |     2 ||     3
Armor: Leather armour    |    16 |     6 ||    22
Dodge: Dodged            |    44 |    26 ||    70
